 Dungeon Crawl Stone Soup version 0.31.0-9-g3a7656b989 (webtiles) character file.

Game seed: 7616490216991932587

78 qw the Shooter (level 4, -11/25 HPs)
             Began as a Deep Elf Hunter on Feb 2, 2024.
             Mangled by Edmund
             ... wielding a +2 dire flail of protection
              (12 damage)
             ... on level 4 of the Dungeon.
             The game lasted 00:00:08 (2210 turns).

qw the Shooter (Deep Elf Hunter)                    Turns: 2210, Time: 00:00:08

Health: -11/25     AC: 10    Str: 10    XL:     4   Next: 15%
Magic:  6/6        EV: 11    Int: 14    God:
Gold:   78         SH:  0    Dex: 18    Spells: 3/3 levels left

rFire   . . .        a - +0 shortbow (flame)
rCold   . . .        (shield currently unavailable)
rNeg    . . .        h - +3 ring mail
rPois   .            (no helmet)
rElec   .            (no cloak)
rCorr   .            i - +1 pair of gloves
SInv    .            (no boots)
Will    .....        (no amulet)
Stlth   +            (no ring)
HPRegen 0.24/turn    (no ring)
MPRegen 0.10/turn

%: no passive effects
@: hasted, very quick
A: no striking features
a: no special abilities


You were on level 4 of the Dungeon.
You visited 1 branch of the dungeon, and saw 4 of its levels.

You collected 78 gold pieces.


   Skills:
 - Level 1.5 Fighting
 + Level 7.6 Ranged Weapons
 - Level 2.4 Dodging
 - Level 1.2 Stealth


You had 3 spell levels left.
You didn't know any spells.
Your spell library was empty.

Inventory:

Hand Weapons
 a - a +0 shortbow of flaming (weapon)
Armour
 h - a +3 ring mail (worn)
 i - a +1 pair of gloves (worn)
Wands
 f - a wand of flame (24)
Potions
 d - a potion of cancellation {unknown}
 e - a potion of lignification {unknown}
 g - a potion of haste

Dungeon Overview and Level Annotations

Branches:
Dungeon (4/15)
 Temple: D:4-7

Altars:
Qazlal

Shops:
D:3 (

Annotations:
D:4 Edmund


Message History

You shoot an arrow.
The arrow hits Edmund but does no damage.
You shoot an arrow. The arrow closely misses Edmund.
Edmund barely misses you.
You shoot an arrow. The arrow hits Edmund.
The arrow burns Edmund.
Edmund is lightly wounded.
Edmund hits you with a +2 dire flail of protection!
You shoot an arrow. The arrow barely misses Edmund.
You shoot an arrow.
The arrow hits Edmund but does no damage.
Edmund is lightly wounded.
Edmund hits you with a +2 dire flail of protection.
You shoot an arrow. The arrow barely misses Edmund.
Edmund barely misses you.
You shoot an arrow. The arrow hits Edmund.
The arrow burns Edmund.
Edmund is lightly wounded.
You shoot an arrow. The arrow closely misses Edmund.
Edmund says, "I'm quite good with sums, too."
Edmund closely misses you.
You shoot an arrow.
The arrow hits Edmund but does no damage.
Edmund is lightly wounded.
Edmund hits you but does no damage.
You shoot an arrow.
The arrow hits Edmund but does no damage.
Edmund is lightly wounded.
Edmund hits you but does no damage.
You shoot an arrow. The arrow closely misses Edmund.
Edmund asks, "Have you met my wondrous brother?"
Edmund hits you with a +2 dire flail of protection.
You shoot an arrow.
The arrow hits Edmund but does no damage.
Edmund is lightly wounded.
Edmund hits you with a +2 dire flail of protection!
You shoot an arrow. The arrow completely misses Edmund.
You shoot an arrow. The arrow hits Edmund!
The arrow burns Edmund.
Edmund is heavily wounded.
Edmund hits you with a +2 dire flail of protection!
You die...
Edmund says, "That'll show my brother!"

.#.... .....# .....+
.....# .....# .....#
##.############.....+
.............@.....#
##.######.#####@......
###..##...).# .......
.)......##### >......
.......## .......
.......# .......
.......# #......
....<..# #.....
.......#


You could see Edmund.

Vanquished Creatures
  An adder (D:3)
  3 dart slugs (D:2)
  An orc (D:3)
  6 ball pythons
  10 endoplasms
  2 giant cockroaches
  8 goblins
  3 hobgoblins (D:1)
  2 kobolds
  A quokka (D:1)
  9 bats
  4 frilled lizards
  7 rats
57 creatures vanquished.

Notes
Turn   | Place    | Note
-------+----------+-------------------------------------------
     0 | D:1      | qw the Deep Elf Hunter began the quest for the Orb.
     0 | D:1      | Reached XP level 1. HP: 12/12 MP: 3/3
     0 | D:1      | 0 ||| qw: Version: 0.3-a-155-g5e7d8dd
     0 | D:1      | 0 ||| qw: Game counter: 1103
     0 | D:1      | 0 ||| qw: Melee chars always use a shield: true
     0 | D:1      | 0 ||| qw: God list: Okawaru
     0 | D:1      | 0 ||| qw: Allow faded altars: false
     0 | D:1      | 0 ||| qw: Do Orc after clearing Dungeon:15 true
     0 | D:1      | 0 ||| qw: Do second Lair branch before Depths: true
     0 | D:1      | 0 ||| qw: Lair rune preference: random
     0 | D:1      | 0 ||| qw: Goals: Normal
     0 | D:1      | 0 ||| PLANNING D:1-11
   249 | D:1      | Reached skill level 6 in Ranged Weapons
   249 | D:1      | Reached XP level 2. HP: 16/16 MP: 4/4
   252 | D:1      | Found a faded altar of an unknown god.
   733 | D:1      | 733 ||| READING scroll labelled FAOCSU ZYRR.
   737 | D:1      | 737 ||| READING scroll labelled ATEOCA ZICWA.
   738 | D:1      | 738 ||| READING scroll labelled GARIRO KEDUPPA.
   738 | D:1      | 738 ||| IDENTIFYING 2 red potions
   739 | D:1      | 739 ||| READING scroll labelled FUMAOBREMI.
   739 | D:1      | 739 ||| BRANDING +0 shortbow.
   740 | D:1      | 740 ||| DROPPING scroll of butterflies.
   823 | D:2      | Reached XP level 3. HP: 20/20 MP: 5/5
   889 | D:2      | 889 ||| FLEEEEING.
   890 | D:2      | 890 ||| FLEEEEING.
   891 | D:2      | 891 ||| FLEEEEING.
   892 | D:2      | 892 ||| FLEEEEING.
   894 | D:2      | 894 ||| FLEEEEING.
   965 | D:2      | You fall into a shaft and drop 1 floor!
  1061 | D:3      | 1061 ||| UPGRADING to +3 ring mail.
  1071 | D:3      | 1071 ||| DROPPING +0 leather armour.
  1072 | D:3      | 1072 ||| READING scroll labelled MIJ HYKHEOSA.
  1109 | D:3      | 1109 ||| READING scroll labelled TIC SEGREO.
  1137 | D:2      | 1137 ||| FLEEEEING.
  1138 | D:2      | 1138 ||| FLEEEEING.
  1139 | D:2      | 1139 ||| FLEEEEING.
  1140 | D:2      | 1140 ||| FLEEEEING.
  1141 | D:2      | 1141 ||| FLEEEEING.
  1142 | D:2      | 1142 ||| FLEEEEING.
  1147 | D:2      | Reached skill level 7 in Ranged Weapons
  1469 | D:3      | Found a stormy altar of Qazlal.
  1471 | D:3      | Noticed an earth elemental
  1471 | D:3      | Noticed a fire elemental
  1472 | D:3      | Found Isiziamm's Weapon Shop.
  1472 | D:3      | Noticed an air elemental
  1472 | D:3      | Noticed a water elemental
  1482 | D:3      | 1482 ||| SHOPLISTING +5 orcbow "Cawkaant" {drain, Str+3}
                  | (490 gold, have 54).
  1584 | D:3      | Reached XP level 4. HP: 24/25 MP: 6/6
  1916 | D:3      | 1916 ||| UPGRADING to +0 pair of gloves.
  2048 | D:3      | 2048 ||| READING scroll labelled URETSU MAAGU.
  2048 | D:3      | 2048 ||| ENCHANTING +0 pair of gloves.
  2049 | D:3      | 2049 ||| READING scroll labelled CAETIO HEDDEXO.
  2189 | D:4      | Noticed Edmund
  2190 | D:4      | 2190 ||| DRINKING 2 potions of haste.
  2208 | D:4      | HP: 1/25 [Edmund/+2 dire flail of protection (10)]
  2210 | D:4      | Mangled by Edmund

Levels and vault maps discovered:
D:1:      dreamdust_arrival_beginning_and_end, layout_loops_ring,
          chequers_ecumenical_altar_simple_redux, serial_rivers,
          chequers_serial_rivers_micro_d, chequers_serial_rivers_micro_e,
          chequers_serial_rivers_small_a, chequers_serial_rivers_small_b,
          st_stairs_12, minmay_box_of_dots
D:2:      layout_basic
D:3:      layout_basic, nicolae_qazlal_style_of_elements, serial_shops, shop
D:4:      layout_rooms, mainiacjoe_overflow_six_doors_small,
          nicolae_uskayaw_en_pointe, minmay_temple_entry_glassed_door,
          uniq_natasha, uniq_edmund

Skill      XL: |  1  2  3 |
---------------+----------+-----
Ranged Weapons | 6 7 |  7.6
Fighting       | |  1.5
Dodging        | |  2.4
Stealth        | |  1.2

Action                     |  1- 3 |  4- 6 || total
---------------------------+-------+-------++-------
   Fire: Shortbow          |    95 |    30 ||   125
    Use: Scroll            |     6 |     2 ||     8
         Potion            |       |     1 ||     1
 Armour: Ring mail         |     5 |     8 ||    13
         Leather armour    |     3 |       ||     3
  Dodge: Dodged            |    13 |     4 ||    17

Table legend:
 A = Non-vault XP
 B = Vault XP
 C = Vault XP percentage of total XP
 D = Non-vault monster count
 E = Vault monster count
 F = Vault count percentage of total count
                 A         B        C        D         E       F
            +---------+---------+-------+---------+---------+-------
      Total |     107 |       5 |   4.5 |      54 |       3 |   5.3
            +---------+---------+-------+---------+---------+-------
        D:1 |      24 |       5 |  17.2 |      16 |       3 |  15.8
        D:2 |      38 |       0 |   0.0 |      19 |       0 |   0.0
        D:3 |      41 |       0 |   0.0 |      17 |       0 |   0.0
        D:4 |       4 |       0 |   0.0 |       2 |       0 |   0.0
            +---------+---------+-------+---------+---------+-------
